 Dungeon Crawl Stone Soup version 0.23.2-1-ga50397a (webtiles) character file.

Game seed: 12147744282375244185

505 razor4143 the Sneak (level 6, 0/44 HPs)
             Began as a Vampire Enchanter on Apr 16, 2019.
             Slain by a howler monkey (3 damage)
             ... on level 5 of the Dungeon on Apr 17, 2019.
             The game lasted 00:14:10 (8995 turns).

razor4143 the Sneak (Vampire Enchanter)             Turns: 8995, Time: 00:14:11

Health: 0/44       AC:  5    Str:  9    XL:     6   Next: 96%
Magic:  5/9        EV: 13    Int: 17    God:
Gold:   152        SH:  0    Dex: 15    Spells: 3/9 levels left

rFire    . . .     SeeInvis +   o - +0 dagger (elec)
rCold    + + .     Gourm    .   (no shield)
rNeg     + + +     Faith    .   b - +0 robe
rPois    ∞         Spirit   .   r - +0 helmet
rElec    .         Reflect  .   (no cloak)
rCorr    .         Harm     .   (no gloves)
MR       .....                  e - +1 pair of boots
Stlth    ++++++....             (no amulet)
HPRegen  0.00/turn              (no ring)
MPRegen  0.11/turn              (no ring)

@: bloodless, non-regenerating
A: fangs 3, see invisible, unbreathing
a: Bat Form


You were on level 5 of the Dungeon.
You were bloodless.

You visited 1 branch of the dungeon, and saw 5 of its levels.

You collected 202 gold pieces.
You spent 50 gold pieces at shops.

Inventory:

Hand Weapons
 a - a +1 dagger
 o - a +0 dagger of electrocution (weapon)
Missiles
 l - 43 stones (quivered)
Armour
 b - a +0 robe (worn)
 e - a +1 pair of boots (worn)
 r - a +0 helmet (worn)
Wands
 p - a wand of polymorph (4)
 s - a wand of iceblast (6)
Scrolls
 c - 2 scrolls of enchant weapon {unknown}
 f - a scroll of enchant armour {unknown}
 h - a scroll of fog {unknown}
 i - 5 scrolls of remove curse {unknown}
 j - 2 scrolls of teleportation {unknown}
 m - 7 scrolls of identify {unknown}
 t - a scroll of amnesia {unknown}
 w - a scroll of fear {unknown}
Potions
 g - a potion of might {unknown}
 k - 2 potions of haste {unknown}
 n - a potion of berserk rage {unknown}
 q - a potion of lignification {unknown}
 u - a potion of cancellation {unknown}
 v - a potion of heal wounds


   Skills:
 + Level 2.0 Fighting
 * Level 4.9 Short Blades
 - Level 2.1 Dodging
 + Level 7.2 Stealth
 - Level 2.0 Spellcasting
 - Level 6.0 Hexes
 - Level 2.0 Ice Magic


You had 3 spell levels left.
You knew the following spells:

 Your Spells              Type           Power        Failure   Level  Hunger
a - Corona                Hex            ###....      1%          1    #......
b - Ensorcelled Hibernat  Hex/Ice        ###...       5%          2    ###....
c - Confuse               Hex            ###.....     4%          3    ###....

Your spell library contained the following spells:

 Spells                   Type           Power        Failure   Level  Hunger
 Tukima's Dance           Hex            ###.....     4%          3    ###....
 Dazzling Spray           Conj/Hex       ##....       17%         3    ###....


Dungeon Overview and Level Annotations

Branches:
Dungeon (5/15)             Temple (0/1) D:5

Altars:
Ashenzari
Sif Muna
Trog
Xom

Shops:
D:4 !

Annotations:
D:3 taoistronin's ghost, amateur MiBe
D:5 Edmund


Innate Abilities, Weirdness & Mutations

You do not heal naturally.
You are immune to poison.
You have razor-sharp teeth.
You have supernaturally acute eyesight. (SInv)
You can survive without breathing.


Message History

The howler monkey hits you but does no damage.
Found a stone staircase leading down.
There is a stone staircase leading up here.
Okay, then.
Casting: Ensorcelled Hibernation (safe; 5% risk of failure)
Confirm with . or Enter, or press ? or * to list all spells.
Aiming: Ensorcelled Hibernation (safe; 5% risk of failure)
Press: ? - help, Shift-Dir - straight line, f - howler monkey
Aim: a howler monkey (chance to defeat MR: 54%)
The howler monkey resists with significant effort.
The howler monkey hits you.
* * * LOW HITPOINT WARNING * * *
Casting: Ensorcelled Hibernation (safe; 5% risk of failure)
Confirm with . or Enter, or press ? or * to list all spells.
Aiming: Ensorcelled Hibernation (safe; 5% risk of failure)
Press: ? - help, Shift-Dir - straight line, f/p - howler monkey
Aim: a howler monkey (chance to defeat MR: 54%)
The howler monkey resists with significant effort.
The howler monkey hits you.
You die...

#....# #....##... #
#####....##... .#
#........##...#### #.#.
#........# #.#.... .....
#........# #.....##.#.#
#........###..........#.
.......................>
.........###....@.....#
.........# #.#..h.....#
.####....# #.###........
.# ########o..#.8.8.8..
.# #...)...⌠.⌠...
.##########o(....8.>.8..
.@.[o.............⌠.⌠...
....o...(........8.8.8.#
#############........


You could see a howler monkey.

Vanquished Creatures
  An ogre (D:3)
  A centaur (D:5)
  A scorpion (D:4)
  A crimson imp (D:5)
  A jelly (D:5)
  An orc wizard (D:4)
  An iguana (D:4)
  Robin (D:3)
  5 adders
  2 oozes
  2 dart slugs
  4 leopard geckos
  9 orcs
  5 giant cockroaches
  16 goblins
  5 hobgoblins
  6 jackals (D:3)
  10 kobolds
  5 quokkas
  2 ball pythons
  7 bats
  6 frilled lizards
  5 rats
97 creatures vanquished.

Notes
Turn   | Place    | Note
-------+----------+-------------------------------------------
     0 | D:1      | razor4143 the Vampire Enchanter began the quest for the
                  | Orb.
     0 | D:1      | Reached XP level 1. HP: 13/13 MP: 3/3
   244 | D:1      | Reached XP level 2. HP: 6/19 MP: 5/5
   472 | D:1      | Reached skill level 5 in Hexes
   584 | D:1      | Learned a level 2 spell: Ensorcelled Hibernation
   972 | D:1      | Reached skill level 5 in Stealth
  1138 | D:1      | Reached XP level 3. HP: 24/24 MP: 6/6
  1725 | D:2      | Reached skill level 1 in Ice Magic
  2165 | D:2      | Reached XP level 4. HP: 27/30 MP: 7/7
  4270 | D:3      | Found a large runed translucent door.
  4272 | D:3      | Noticed taoistronin's ghost (amateur MiBe)
  4273 | D:3      | Found a large runed translucent door.
  4410 | D:3      | Learned a level 3 spell: Confuse
  5311 | D:3      | You fall through a shaft!
  6190 | D:3      | Reached XP level 5. HP: 35/35 MP: 8/8
  6433 | D:4      | Noticed an ogre
  6577 | D:4      | Reached skill level 6 in Stealth
  7327 | D:4      | Noticed Robin
  8061 | D:3      | Reached skill level 1 in Fighting
  8061 | D:3      | Reached XP level 6. HP: 43/43 MP: 2/9
  8131 | D:3      | Killed Robin
  8514 | D:4      | Found Aggoh's Distillery.
  8522 | D:4      | Bought a potion of heal wounds for 50 gold pieces
  8527 | D:4      | Found a faded altar of an unknown god.
  8527 | D:4      | Found a bloodstained altar of Trog.
  8532 | D:4      | Found a shimmering altar of Xom.
  8534 | D:4      | Found a deep blue altar of Sif Muna.
  8536 | D:4      | Found a shattered altar of Ashenzari.
  8688 | D:5      | Entered Level 5 of the Dungeon
  8923 | D:5      | Found a staircase to the Ecumenical Temple.
  8924 | D:5      | Noticed Edmund
  8927 | D:5      | Reached skill level 7 in Stealth
  8995 | D:5      | Slain by a howler monkey

Skill      XL: |  1  2  3  4  5  6 |
---------------+-------------------+-----
Hexes          | 5 6 |  6.0
Stealth        | 5 6 7 |  7.2
Ice Magic      | 1 2 |  2.0
Short Blades   | 2 3 4 |  4.9
Fighting       | 1 2 |  2.0
Dodging        | |  2.1
Spellcasting   | |  2.0

Action                   |  1- 3 |  4- 6 || total
-------------------------+-------+-------++-------
Melee: Dagger            |   135 |   229 ||   364
       Bite              |     7 |     9 ||    16
       Unarmed           |       |     2 ||     2
Throw: Stone             |       |     7 ||     7
 Cast: Corona            |     4 |       ||     4
       Ensorcelled Hiber |     2 |    53 ||    55
 Abil: End Transformatio |       |     8 ||     8
       Bat Form          |       |     8 ||     8
  Use: Potion            |     1 |    13 ||    14
 Stab: Sleeping          |    12 |    36 ||    48
Armor: Robe              |    32 |    40 ||    72
Dodge: Dodged            |    75 |   153 ||   228
